 Dungeon Crawl Stone Soup version 0.27.1-37-g7b29ead8ac (console) character file.

Game seed: 1402855856218642127

52 grimtooth the Charlatan (level 4, -2/27 HPs)
             Began as a Kobold Artificer on Dec 26, 2023.
             Slain by Robin (5 damage)
             ... on level 2 of the Dungeon.
             The game lasted 00:06:39 (2588 turns).

grimtooth the Charlatan (Kobold Artificer)          Turns: 2588, Time: 00:06:40

Health: -2/27      AC:  3    Str:  9    XL:     4   Next: 8%
Magic:  4/4        EV: 14    Int: 12    God:
Gold:   27         SH:  0    Dex: 16    Spells: 3/3 levels left

rFire    . . .     SeeInvis .   c - +0 short sword
rCold    . . .     Faith    .   (shield restricted)
rNeg     . . .     Spirit   .   b - +0 leather armour
rPois    .         Reflect  .   (no helmet)
rElec    .         Harm     .   (no cloak)
rCorr    .         Rampage  .   (no gloves)
Will     .....                  (no boots)
Stlth    +++.......             f - amulet of magic regeneration
HPRegen  0.09/turn              (no ring)
MPRegen  0.34/turn              (no ring)

@: no status effects
A: small, no large weapons, nightstalker 3
a: no special abilities


You were on level 2 of the Dungeon.
You visited 1 branch of the dungeon, and saw 2 of its levels.

You collected 27 gold pieces.

Inventory:

Hand Weapons
 c - a +0 short sword (weapon)
Missiles
 a - 31 sling bullets
 g - 2 boomerangs
 l - 31 stones
Armour
 b - a +0 leather armour (worn)
Jewellery
 f - an amulet of magic regeneration (around neck)
Wands
 d - a wand of charming (15)
 h - a wand of flame (11) (quivered)
Scrolls
 k - a scroll of identify {unknown}
Potions
 i - 2 potions of lignification {unknown}
 j - a potion of curing {unknown}
Miscellaneous
 e - a piece from Xom's chessboard (15/15)


   Skills:
 * Level 2.7 Fighting
 * Level 1.5 Short Blades
 - Level 0.7 Armour
 - Level 2.4 Dodging
 + Level 2.5 Stealth
 + Level 4.1 Evocations


You had 3 spell levels left.
You didn't know any spells.
Your spell library was empty.

Dungeon Overview and Level Annotations

Branches:
Dungeon (2/15)

Altars:

Annotations:
D:1 exclusion: dart slug
D:2 Jessica, Robin


Innate Abilities, Weirdness & Mutations

You are small and have problems with some larger weapons.
You are completely attuned to the shadows.


Message History

The hobgoblin hits you. Robin throws the goblin at you!
The goblin shouts!
You miss the goblin.
You hear a shout!
The hobgoblin misses you.
The goblin hits you with a staff of air.
You hear a shout!
You hit the goblin.
The goblin is moderately wounded.
The hobgoblin hits you. The goblin barely misses you.
Robin drinks a potion.
Robin flickers and vanishes!
Deactivating autopickup; reactivate with Ctrl-A.
You closely miss the goblin.
The goblin is moderately wounded.
The hobgoblin barely misses you. The goblin barely misses you.
You hit the goblin.
The goblin is heavily wounded.
The hobgoblin closely misses you. The goblin hits you but does no damage.
The goblins go into a battle-frenzy!
You hit the goblin.
You kill the goblin!
The hobgoblin barely misses you.
You see here a staff of air.
You hit the hobgoblin.
The hobgoblin is severely wounded.
You hit the hobgoblin but do no damage. The hobgoblin barely misses you.
The hobgoblin misses you.
Your leather armour prevents you from hitting the hobgoblin.
The hobgoblin is heavily wounded.
The hobgoblin misses you.
The hobgoblin hits you with a +0 dagger!
You hit the hobgoblin but do no damage.
The hobgoblin is heavily wounded.
The hobgoblin completely misses you.
The hobgoblin hits you with a +0 dagger!
* * * LOW HITPOINT WARNING * * *
You barely miss the hobgoblin.
The hobgoblin is heavily wounded.
Something hits you.
You die...

#.####...##########
#...)....'.....)...
#..###...#########.
#))# #...# #. #..#
#...# #. #..# #####
#. #..# #. #..# ##.
#..# #.. #..#####
### #g@..g..
##g#########.
#...g..|.....
###########g.


You could see 2 hobgoblins and a goblin.

Vanquished Creatures
  An adder (D:2)
  6 endoplasms
  3 giant cockroaches
  8 goblins
  4 hobgoblins
  3 jackals (D:2)
  A quokka (D:1)
  4 ball pythons
  A frilled lizard (D:1)
  4 kobolds
  2 rats
37 creatures vanquished.

Notes
Turn   | Place    | Note
-------+----------+-------------------------------------------
     0 | D:1      | grimtooth the Kobold Artificer began the quest for the Orb.
     0 | D:1      | Reached XP level 1. HP: 12/12 MP: 1/1
   666 | D:1      | Reached XP level 2. HP: 13/17 MP: 2/2
  1601 | D:2      | Reached XP level 3. HP: 20/21 MP: 3/3
  1767 | D:2      | Noticed Jessica
  2010 | D:2      | Reached skill level 4 in Evocations
  2014 | D:2      | Reached skill level 1 in Short Blades
  2387 | D:2      | Noticed Robin
  2426 | D:2      | Reached XP level 4. HP: 23/27 MP: 4/4
  2588 | D:2      | Slain by Robin

Illustrated notes

Levels and vault maps discovered:
D:1:      sevenhm_arrival_forest_fort_small_6, layout_basic
D:2:      layout_basic, serial_shops, nicolae_shop_stone,
          minmay_misc_feat_roman, uniq_natasha, uniq_jessica, uniq_robin,
          uniq_sigmund

Skill      XL: |  1  2  3 |
---------------+----------+-----
Stealth        | 2 |  2.5
Fighting       | 2 |  2.7
Evocations     | 4 |  4.1
Short Blades   | 1 |  1.5
Armour         | |  0.7
Dodging        | |  2.4

Action                   |  1- 3 |  4- 6 || total
-------------------------+-------+-------++-------
Melee: Short sword       |   110 |    16 ||   126
       Club              |    15 |       ||    15
Evoke: Wand              |     4 |       ||     4
 Stab: Sleeping          |    17 |       ||    17
Armor: Leather armour    |    29 |     2 ||    31
Dodge: Dodged            |    89 |    12 ||   101
